 Dungeon Crawl Stone Soup version 0.30.0-3-ga4e48a9924 (webtiles) character file.

Game seed: 4094119411468132862

53 Irreverend the Stinger (level 3, 16/16 HPs)
             Began as a Spriggan Venom Mage on May 7, 2023.
             Quit the game on level 2 of the Dungeon.
             The game lasted 00:06:22 (1231 turns).

Irreverend the Stinger (Spriggan Venom Mage)        Turns: 1231, Time: 00:06:23

Health: 16/16      AC:  2    Str:  4    XL:     3   Next: 64%
Magic:  9/9        EV: 17    Int: 18    God:
Gold:   102        SH:  0    Dex: 15    Spells: 3/9 levels left

rFire   . . .        (weapon restricted)
rCold   . . .        (no shield)
rNeg    . . .        a - +0 robe
rPois   .            (helmet restricted)
rElec   .            (no cloak)
rCorr   .            (gloves unavailable)
SInv    +            (boots unavailable)
Will    .....        (no amulet)
Stlth   ++           (no ring)
HPRegen 0.22/turn    (no ring)
MPRegen 0.11/turn

%: no passive effects
@: very quick
A: very small, no large weapons, unfitting armour, see invisible, speed 3
a: no special abilities


You were on level 2 of the Dungeon.
You visited 1 branch of the dungeon, and saw 2 of its levels.

You collected 102 gold pieces.

Inventory:

Hand Weapons
 f - a +3 dagger
Armour
 a - a +0 robe (worn)
Scrolls
 d - 2 scrolls of blinking {unknown}
 e - a scroll of identify {unknown}
 h - 2 scrolls of fear {unknown}
Potions
 b - a potion of magic
 c - a potion of attraction {unknown}
 g - a potion of invisibility {unknown}


   Skills:
 + Level 3.1 Dodging
 + Level 3.5 Stealth
 + Level 3.5 Spellcasting
 - Level 1.3 Transmutations
 * Level 3.8 Poison Magic


You had 3 spell levels left.
You knew the following spells:

 Your Spells              Type           Power      Damage    Failure   Level
a - Sting                 Tmut/Pois      48%        1d5       5%          1
b - Poisonous Vapours     Pois/Air       20%        N/A       11%         2
c - Mephitic Cloud        Conj/Pois/Air  7%         N/A       26%         3

Your spell library contained the following spells:

 Spells                   Type           Power      Damage    Failure   Level
 Magic Dart               Conj           12%        1d3       16%         1
 Summon Small Mammal      Summ           12%        N/A       16%         1
 Call Imp                 Summ           6%         N/A       24%         2
 Call Canine Familiar     Summ           3%         N/A       43%         3
 Portal Projectile        Hex/Tloc       6%         N/A       43%         3
 Summon Guardian Golem    Hex/Summ       3%         N/A       43%         3
 Olgreb's Toxic Radiance  Pois           17%        N/A       32%         4
 Petrify                  Tmut/Erth      5%         N/A       75%         4
 Leda's Liquefaction      Hex/Erth       1%         N/A       83%         4
 Metabolic Englaciation   Hex/Ice        1%         N/A       99%         5
 Statue Form              Tmut/Erth      3%         N/A       100%        6


Dungeon Overview and Level Annotations

Branches:
Dungeon (2/15)

Altars:


Innate Abilities, Weirdness & Mutations

You are very small and have problems with some larger weapons.
You are too small for most types of armour.
You have supernaturally acute eyesight. (SInv)
You cover ground extremely quickly. (Speed+++)


Message History

Press: ? - help, Shift-Dir - straight line, f/p - jackal
Aim: a jackal (severely wounded, 64% to hit)
You miscast Sting.
You are very lightly contaminated with residual magic.
Nothing appears to happen.
The jackal barely misses you.
Casting: Sting (safe; 5% risk of failure)
Confirm with . or Enter, or press ? or * to list all spells.
Aiming: Sting (safe; 5% risk of failure)
Press: ? - help, Shift-Dir - straight line, f/p - jackal
Aim: a jackal (severely wounded, 64% to hit)
The sting hits the jackal.
The jackal is poisoned.
You kill the jackal!
The goblin shoots a sling bullet.
The sling bullet hits you.
You see here a +0 robe.
Casting: Sting (safe; 5% risk of failure)
Confirm with . or Enter, or press ? or * to list all spells.
Aiming: Poisonous Vapours (safe; 11% risk of failure)
Press: ? - help, Dir - move target, f - goblin
Aim: a goblin, wielding a +0 sling Poisonous vapours surround the goblin!
The goblin is poisoned.
The goblin shoots a sling bullet.
The sling bullet misses you.
Casting: Poisonous Vapours (safe; 11% risk of failure)
Confirm with . or Enter, or press ? or * to list all spells.
Aiming: Poisonous Vapours (safe; 11% risk of failure)
Press: ? - help, Dir - move target, f/p - goblin
Aim: a goblin, wielding a +0 sling (heavily wounded, poisoned) Poisonous vapours surround the goblin!
The goblin looks even sicker.
The goblin shoots a sling bullet.
The sling bullet closely misses you.
You kill the goblin!
Your magical contamination has completely faded away.
You start resting.
HP restored.
You start resting.
Magic restored.
Okay, then.
You can't see any susceptible monsters within range! (Use Z to cast anyway.) Unknown command.
Unknown command.
Your magic is already full.
Are you sure you want to abandon this character and quit the game? (Confirm with "yes".)

#<# #.# ### ###########.#
########### ##........##.#
..........###....8.8..##.###
..........+.....8.8.8.##.#..
..........#####..8_8...#.#.#
..........#.....8.8.8....#.#
..........#.###..8.8..##.#.######
..........#.# #.@................
......รท...#.#
###.#...##.#.####+# ..........#.#
##[##..##.#.#
..........#.####..###.##.#.#
.......)..#..............#.#
............###.#####........
...#####'#.## #)# #######.#
...+.....#.# #.# .
...#######.####.######.##


There were no monsters in sight!

Vanquished Creatures
  Jessica (D:2)
  An adder (D:2)
  3 bats
  An endoplasm (D:1)
  A giant cockroach (D:1)
  3 goblins
  A hobgoblin (D:1)
  A jackal (D:2)
  2 kobolds (D:1)
  A quokka (D:2)
  A frilled lizard (D:2)
  2 rats (D:2)
18 creatures vanquished.

Notes
Turn   | Place    | Note
-------+----------+-------------------------------------------
     0 | D:1      | Irreverend the Spriggan Venom Mage began the quest for the
                  | Orb.
     0 | D:1      | Reached XP level 1. HP: 9/9 MP: 5/5
   289 | D:1      | Reached XP level 2. HP: 13/13 MP: 5/7
   292 | D:1      | Learned a level 2 spell: Poisonous Vapours
   633 | D:2      | Found a faded altar of an unknown god.
   833 | D:2      | Noticed Jessica
   874 | D:2      | Killed Jessica
   875 | D:2      | Reached XP level 3. HP: 16/16 MP: 1/8
   920 | D:2      | Learned a level 3 spell: Mephitic Cloud
  1231 | D:2      | Quit the game

Illustrated notes

Levels and vault maps discovered:
D:1:      minmay_arrival_four_circles, layout_rooms, minmay_misc_feat_tiny
D:2:      layout_basic, chequers_ecumenical_altar_simple_redux,
          chequers_serial_rivers_small_3, eino_tiny_chamber,
          hangedman_decor_clover_reticule, kennysheep_boxes, uniq_robin,
          uniq_jessica

Skill      XL: |  1  2 |
---------------+-------+-----
Spellcasting   | 3 |  3.5
Dodging        | 3 |  3.1
Stealth        | |  3.5
Transmutations | |  1.3
Poison Magic   | |  3.8

Action                     || total
---------------------------++-------
   Cast: Sting             ||    14
         Poisonous Vapours ||    16
         Mephitic Cloud    ||     1
 Armour: Robe              ||     2
  Dodge: Dodged            ||    21
